 Dungeon Crawl Stone Soup version 0.31-a0-844-gdc52ec4e09 (webtiles) character file.

Game seed: 15688204354477966182

340 BinkBink the Changeling (level 6, -5/51 HPs)
             Began as a Draconian Shapeshifter on Sept 28, 2023.
             Slain by an orc warrior
             ... wielding a +1 mace of protection
              (8 damage)
             ... on level 5 of the Dungeon.
             The game lasted 00:04:35 (2543 turns).

BinkBink the Changeling (Draconian Shapeshifter)    Turns: 2543, Time: 00:04:35

Health: -5/51      AC:  6    Str: 16    XL:     6   Next: 30%
Magic:  6/6        EV: 12    Int: 17    God:
Gold:   152        SH:  0    Dex: 12    Spells: 5/5 levels left

rFire   . .          .
                       - Unarmed
rCold   . . .        (no shield)
rNeg    . . .        (body armour unavailable)
rPois   .            (helmet currently unavailable)
rElec   .            (cloak currently unavailable)
rCorr   .            (gloves currently unavailable)
SInv    .            (boots currently unavailable)
Will    .....        (no amulet)
Stlth   +            g - ring of flight
HPRegen 0.28/turn    l - +6 ring of intelligence
MPRegen 0.10/turn

%: no passive effects
@: mighty, beast-form, flying
A: beast (slay +2), AC +6, unfitting armour, cold-blooded
a: Begin Untransformation


You were on level 5 of the Dungeon.
You were a hulking beast.
You visited 1 branch of the dungeon, and saw 5 of its levels.

You collected 152 gold pieces.

Inventory:

Jewellery
 g - a ring of flight (left hand)
 k - a ring of ice
 l - a +6 ring of intelligence (right hand)
 p - a ring of positive energy
 r - a ring of positive energy
Talismans
 b - a beast talisman (active)
 c - a flux talisman
Scrolls
 f - 2 scrolls of summoning {unknown}
 h - 3 scrolls of identify {unknown}
 m - a scroll of poison {unknown}
 q - a scroll of fear {unknown}
 s - a scroll of noise {unknown}
Potions
 a - 3 potions of lignification
 d - a potion of brilliance {unknown}
 e - a potion of invisibility {unknown}
 i - a potion of enlightenment {unknown}
 j - a potion of might
 n - a potion of mutation {unknown}
 o - 2 potions of heal wounds {unknown}


   Skills:
 + Level 3.2 Fighting
 + Level 3.1 Dodging
 + Level 4.1 Unarmed Combat
 * Level 4.6 Shapeshifting


You had 5 spell levels left.
You didn't know any spells.
Your spell library contained the following spells:

 Spells                   Type           Power      Damage    Failure   Level
 Animate Dead             Necr           0%         N/A       93%         4
 Haunt                    Necr/Summ      0%         N/A       100%        7
 Infestation              Necr           0%         N/A       100%        8


Dungeon Overview and Level Annotations

Branches:
Dungeon (5/15)
 Temple: D:4-7

Altars:
Dithmenos
Fedhas
Hepliaklqana
Okawaru
Xom

Annotations:
D:3 2 runed translucent doors


Innate Abilities, Weirdness & Mutations

You are a hulking beast.
Your limbs bulge with bestial killing power. (Slay +2)
Your plain brown scales are hard. (AC +6)
You cannot fit into any form of body armour.
You are cold-blooded and may be slowed by cold attacks.


Message History

The orc barely misses you.
The orc shouts!
You hit the orc.
The orc is lightly wounded.
The orc barely misses you.
You hit the orc but do no damage.
The orc is lightly wounded.
The orc misses you.
You hit the orc.
You kill the orc!
The orc warrior hits you with a +1 mace of protection!
Things that are here:
a +0 short sword; a +0 ring mail You barely miss the orc warrior.
The orc warrior completely misses you.
You hit the orc warrior but do no damage.
The orc warrior closely misses you.
You barely miss the orc warrior.
The orc warrior hits you with a +1 mace of protection!
You hit the orc warrior.
You punch the orc warrior, but do no damage.
The orc warrior is moderately wounded.
The orc warrior hits you with a +1 mace of protection!
You closely miss the orc warrior.
The orc warrior is moderately wounded.
The orc warrior barely misses you.
You hit the orc warrior.
The orc warrior is moderately wounded.
The orc warrior closely misses you.
You barely miss the orc warrior.
Your tail-slap misses the orc warrior.
The orc warrior is moderately wounded.
The orc warrior hits you with a +1 mace of protection!
* * * LOW HITPOINT WARNING * * *
You hit the orc warrior.
The orc warrior is heavily wounded.
The orc warrior hits you with a +1 mace of protection!
* * * LOW HITPOINT WARNING * * *
It was a potion of might.
You feel very mighty all of a sudden.
The orc warrior hits you with a +1 mace of protection!
You die...

#.......###.........#
#.#.........'..........
#.........###..........
#####...### ##.........
#.### ##.....##. #.##
##...## #..# #+## ##.#
#h# #o# #o# ... ...
#.#.# #. .. #. ##


You could see an orc warrior and an orc.

Vanquished Creatures
  Eustachio (D:4)
  A hound (D:4)
  A jelly (D:4)
  An iguana (D:4)
  2 adders
  3 worms
  3 dart slugs
  10 orcs
  2 endoplasms (D:3)
  2 giant cockroaches
  5 goblins
  3 hobgoblins
  6 jackals
  7 kobolds
  2 quokkas
  6 ball pythons
  6 bats
  3 frilled lizards
  5 rats
69 creatures vanquished.

Notes
Turn   | Place    | Note
-------+----------+-------------------------------------------
     0 | D:1      | BinkBink the Draconian Shapeshifter began the quest for the
                  | Orb.
     0 | D:1      | Reached XP level 1. HP: 16/16 MP: 1/1
   154 | D:1      | Reached XP level 2. HP: 23/23 MP: 2/2
   522 | D:2      | Found a hazy altar of Hepliaklqana.
   670 | D:2      | Reached XP level 3. HP: 29/29 MP: 3/3
   738 | D:2      | You are sucked into a shaft and drop 1 floor!
   756 | D:3      | Found a blossoming altar of Fedhas.
   796 | D:3      | Found an iron altar of Okawaru.
   923 | D:3      | Found a faded altar of an unknown god.
   975 | D:3      | Found a large runed translucent door.
   976 | D:3      | Found a large runed translucent door.
   981 | D:3      | Found a shimmering altar of Xom.
  1150 | D:3      | Found a hazy altar of Hepliaklqana.
  1516 | D:4      | Reached XP level 4. HP: 27/36 MP: 4/4
  1691 | D:4      | Found a shadowy altar of Dithmenos.
  1741 | D:4      | Reached XP level 5. HP: 42/42 MP: 5/5
  1916 | D:4      | Noticed Eustachio
  1961 | D:4      | Killed Eustachio
  1962 | D:4      | Reached XP level 6. HP: 19/51 MP: 6/6
  2394 | D:5      | Entered Level 5 of the Dungeon
  2530 | D:5      | Noticed an orc warrior
  2542 | D:5      | HP: 2/51 [orc warrior/+1 mace of protection (12)]
  2543 | D:5      | Slain by an orc warrior

Illustrated notes

Levels and vault maps discovered:
D:1:      dpeg_arrival_leaves_temple_mockup, layout_rooms, minmay_pentomino_o4
D:2:      layout_rooms, basic_altar, roderic_st_hans_cross,
          minmay_joined_circles, uniq_crazy_yiuf_cottage
D:3:      due_chaos_kobolds, layout_loops_ring, old_standard_altar,
          worldfamousw_hep_ancestral_shrine, lemuel_crystal_altar,
          hellmonk_ecumenical_altar_inner_sanctum
D:4:      layout_loops_cross, nicolae_dithmenos_through_a_glass_darkly,
          uniq_eustachio
D:5:      layout_loops_corners, mainiacjoe_overflow_six_doors_small,
          nemelex_spade_bored_becter, minmay_misc_feat_doors, glass_columns_a

Skill      XL: |  1  2  3  4  5 |
---------------+----------------+-----
Dodging        | 2 3 |  3.1
Fighting       | 2 3 |  3.2
Shapeshifting  | 4 |  4.6
Unarmed Combat | 4 |  4.1

Action                     |  1- 3 |  4- 6 || total
---------------------------+-------+-------++-------
  Melee: Unarmed           |   141 |    94 ||   235
         Tailslap          |    18 |    10 ||    28
         Punch             |     5 |     3 ||     8
    Use: Potion            |       |     1 ||     1
 Armour: Skin              |    76 |    41 ||   117
  Dodge: Dodged            |    84 |    56 ||   140

Table legend: (Time is in decaauts)
 A = Elapsed time spent in this place.
 B = Non-inter-level travel time spent in this place.
 C = Inter-level travel time spent in this place.
 D = Time resting spent in this place.
 E = Time spent auto-exploring this place.
 F = Levels seen in this place.
 G = Mean time per level.
                   A        B        C        D        E       F      G
               +--------+--------+--------+--------+--------+-----+--------+
         Total |   2527 |   2489 |     38 |      0 |   2041 |   5 |  505.4 |
       Dungeon |   2527 |   2489 |     38 |      0 |   2041 |   5 |  505.4 |
               +--------+--------+--------+--------+--------+-----+--------+

Top non-repeatable levels by time:
     D:4: 877 daAuts
     D:3: 768 daAuts
     D:1: 497 daAuts
     D:2: 236 daAuts
     D:5: 147 daAuts
